| TOP OF THE 1ST |
|
Reading Fightin Phils batting - Pitching for Mississippi Braves : RHP Ryan DeMille
|
|
Pitching: RHP Ryan DeMille
|
|
|
Batting: RHB Tony Perez
|
0-0: Foul Ball, location: 2F 0-1: Ground out 5-3 (Groundball, 56, EV 89.4 MPH)
|
|
Batting: LHB Alex Fernandez
|
0-0: Ball 1-0: Called Strike 1-1: Ground out U3 (Groundball, 3, EV 85.6 MPH)
|
|
Batting: RHB Alan Weller
|
0-0: Ground out 3-1 (Groundball, 34, EV 88.1 MPH)
|
| Top of the 1st over - 0 runs, 0 hits, 0 errors, 0 left on base; Reading 0 - Mississippi 0 |
| BOTTOM OF THE 1ST |
|
Mississippi Braves batting - Pitching for Reading Fightin Phils : RHP Lida Sestak
|
|
Pitching: RHP Lida Sestak
|
|
|
Batting: RHB Hieronim Rutkowski
|
0-0: Called Strike 0-1: Foul Ball, location: 2F 0-2: Ball 1-2: Foul Ball, location: 2F 1-2: DOUBLE (Flyball, 8LXD, EV 100.6 MPH)
|
|
Batting: RHB Justin Reich
|
0-0: Called Strike 0-1: Called Strike 0-2: Strikes out looking
|
|
Batting: LHB Art D'Ascenzo
|
0-0: Ball Hieronim Rutkowski is caught stealing 3rd base 2-5 1-0: Called Strike 1-1: Called Strike 1-2: Ball 2-2: Strikes out swinging
|
| Bottom of the 1st over - 0 runs, 1 hit, 0 errors, 0 left on base; Reading 0 - Mississippi 0 |
| TOP OF THE 2ND |
|
Reading Fightin Phils batting - Pitching for Mississippi Braves : RHP Ryan DeMille
|
|
Batting: RHB Guan-pei Gao
|
0-0: Ball 1-0: Foul Ball, location: 2F 1-1: Ball 2-1: Ball 3-1: Called Strike 3-2: Strikes out swinging
|
|
Batting: RHB Pablo Lopez
|
0-0: Ball 1-0: Ball 2-0: Swinging Strike 2-1: Ball 3-1: Base on Balls
|
|
Batting: LHB Danny Zuniga
|
0-0: Ball 1-0: Foul Ball, location: 2F 1-1: Called Strike 1-2: SINGLE (Groundball, 56S, EV 66.2 MPH) (infield hit) Pablo Lopez to second
|
|
Batting: LHB Doug Frampton
|
0-0: Foul Ball, location: 2F 0-1: Ball 1-1: Called Strike 1-2: Strikes out swinging
|
|
Batting: RHB Jose Corral
|
0-0: Ball 1-0: Ball 2-0: Swinging Strike 2-1: Ball 3-1: Foul Ball, location: 2F 3-2: Foul Ball, location: 2F 3-2: Base on Balls Pablo Lopez to third Danny Zuniga to second
|
|
Batting: RHB Prabhukumar Santhanakrishnan
|
0-0: Ball 1-0: SINGLE (Groundball, 15S, EV 75.6 MPH) (infield hit) Pablo Lopez scores Danny Zuniga to third Jose Corral to second
|
|
Batting: RHB Tony Perez
|
0-0: Foul Ball, location: 2F 0-1: Foul Ball, location: 2F 0-2: SINGLE (Groundball, 34D, EV 106.2 MPH) Danny Zuniga scores Jose Corral to third Prabhukumar Santhanakrishnan to second Runner from 3rd tries for Home, SAFE, throw by RF to home
|
|
Batting: LHB Alex Fernandez
|
0-0: Foul Ball, location: 2F 0-1: Ball 1-1: Ball 2-1: Ball 3-1: Base on Balls Prabhukumar Santhanakrishnan to third Tony Perez to second
|
|
Batting: RHB Alan Weller
|
0-0: Swinging Strike 0-1: Swinging Strike 0-2: Ground out 4-3 (Groundball, 4, EV 88.8 MPH)
|
| Top of the 2nd over - 3 runs, 3 hits, 0 errors, 3 left on base; Reading 3 - Mississippi 0 |
| BOTTOM OF THE 2ND |
|
Mississippi Braves batting - Pitching for Reading Fightin Phils : RHP Lida Sestak
|
|
Batting: RHB Jose Ramos
|
0-0: Called Strike 0-1: Foul Ball, location: 2F 0-2: Ball 1-2: Strikes out swinging
|
|
Batting: RHB Yojiro Hayashi
|
0-0: Fly out, F7 (Flyball, 7D, EV 103.8 MPH)
|
|
Batting: LHB Luis Cruz
|
0-0: Ball 1-0: Ball 2-0: Called Strike 2-1: Called Strike 2-2: Foul Ball, location: 2F 2-2: Reached on error, E4 (Groundball, 4, EV 107.5 MPH)
|
|
Batting: LHB Cesar Arteaga
|
0-0: Ball 1-0: Ball 2-0: Ball 3-0: Base on Balls
|
|
Batting: SHB Jose Melendez
|
0-0: Called Strike 0-1: Swinging Strike 0-2: Fielders Choice at 2nd, 6-4 (Groundball, 6, EV 83.8 MPH)
|
| Bottom of the 2nd over - 0 runs, 0 hits, 1 error, 2 left on base; Reading 3 - Mississippi 0 |
| TOP OF THE 3RD |
|
Reading Fightin Phils batting - Pitching for Mississippi Braves : RHP Ryan DeMille
|
|
Batting: RHB Guan-pei Gao
|
0-0: Ball 1-0: Ball 2-0: Called Strike 2-1: Ball 3-1: Called Strike 3-2: Base on Balls
|
|
Batting: RHB Pablo Lopez
|
0-0: Grounds into double play, 5-4-3 (Groundball, 5S, EV 90.0 MPH)
|
|
Batting: LHB Danny Zuniga
|
0-0: Ball 1-0: Ball 2-0: Ball 3-0: Base on Balls
|
|
Batting: LHB Doug Frampton
|
0-0: Foul Ball, location: 2F 0-1: Ball 1-1: Fly out, F8 (Line Drive, 8LM, EV 91.2 MPH)
|
| Top of the 3rd over - 0 runs, 0 hits, 0 errors, 1 left on base; Reading 3 - Mississippi 0 |
| BOTTOM OF THE 3RD |
|
Mississippi Braves batting - Pitching for Reading Fightin Phils : RHP Lida Sestak
|
|
Batting: RHB Alex Velasquez
|
0-0: Swinging Strike 0-1: Ball 1-1: Ball 2-1: Foul Ball, location: 2F 2-2: SINGLE (Groundball, 4S, EV 73.8 MPH) (infield hit)
|
|
Batting: RHB Hieronim Rutkowski
|
0-0: 2-RUN HOME RUN (Flyball, 78XD, EV 103.8 MPH), Distance : 400 ft
|
|
Batting: RHB Justin Reich
|
0-0: Called Strike 0-1: Swinging Strike 0-2: Ball 1-2: Strikes out looking
|
|
Batting: LHB Art D'Ascenzo
|
0-0: Ball 1-0: Called Strike 1-1: Ball 2-1: Called Strike 2-2: Foul Ball, location: 2F 2-2: Ball 3-2: SINGLE (Groundball, 4MD, EV 99.4 MPH)
|
|
Batting: RHB Jose Ramos
|
0-0: Ball 1-0: Called Strike 1-1: Foul Ball, location: 2F 1-2: Ball 2-2: Strikes out swinging
|
|
Batting: RHB Yojiro Hayashi
|
0-0: Called Strike Art D'Ascenzo steals 2nd base 0-1: Ball 1-1: Foul Ball, location: 2F 1-2: Foul Ball, location: 2F 1-2: Ball 2-2: DOUBLE (Line Drive, 8LXD, EV 108.8 MPH) Art D'Ascenzo scores
|
|
Batting: LHB Luis Cruz
|
0-0: Called Strike 0-1: Swinging Strike 0-2: Strikes out swinging
|
| Bottom of the 3rd over - 3 runs, 4 hits, 0 errors, 1 left on base; Reading 3 - Mississippi 3 |
| TOP OF THE 4TH |
|
Reading Fightin Phils batting - Pitching for Mississippi Braves : RHP Ryan DeMille
|
|
Batting: RHB Jose Corral
|
0-0: Foul Ball, location: 2F 0-1: Called Strike 0-2: Ball 1-2: Ball 2-2: Ball 3-2: Base on Balls
|
|
Batting: RHB Prabhukumar Santhanakrishnan
|
0-0: Ball 1-0: Ball 2-0: Swinging Strike 2-1: Called Strike 2-2: Strikes out swinging
|
|
Batting: RHB Tony Perez
|
0-0: Ball 1-0: Ball 2-0: Called Strike 2-1: Foul Ball, location: 2F 2-2: Foul Ball, location: 2F 2-2: Foul Ball, location: 2F 2-2: Hit by Pitch Jose Corral to second
|
|
Batting: LHB Alex Fernandez
|
0-0: Foul Ball, location: 2F 0-1: Ball 1-1: Grounds into double play, 6-4-3 (Groundball, 56, EV 103.8 MPH)
|
| Top of the 4th over - 0 runs, 0 hits, 0 errors, 1 left on base; Reading 3 - Mississippi 3 |
| BOTTOM OF THE 4TH |
|
Mississippi Braves batting - Pitching for Reading Fightin Phils : RHP Lida Sestak
|
|
Batting: LHB Cesar Arteaga
|
0-0: Called Strike 0-1: Ball 1-1: Ball 2-1: Ground out 3-1 (Groundball, 34, EV 83.1 MPH)
|
|
Batting: SHB Jose Melendez
|
0-0: Ball 1-0: Fly out, F8 (Line Drive, 8RD, EV 99.4 MPH)
|
|
Batting: RHB Alex Velasquez
|
0-0: Ball 1-0: Swinging Strike 1-1: Ball 2-1: Swinging Strike 2-2: SINGLE (Groundball, 6MD, EV 96.9 MPH)
|
|
Batting: RHB Hieronim Rutkowski
|
0-0: Ball Alex Velasquez steals 2nd, throwing error, E2 Alex Velasquez to third 1-0: Called Strike 1-1: Ball 2-1: Fly out, F5 (Popup, 56, EV 72.5 MPH)
|
| Bottom of the 4th over - 0 runs, 1 hit, 1 error, 1 left on base; Reading 3 - Mississippi 3 |
| TOP OF THE 5TH |
|
Reading Fightin Phils batting - Pitching for Mississippi Braves : RHP Ryan DeMille
|
|
Batting: RHB Alan Weller
|
0-0: Called Strike 0-1: Fly out, F9 (Flyball, 9S, EV 90.0 MPH)
|
|
Batting: RHB Guan-pei Gao
|
0-0: Ball 1-0: Called Strike 1-1: Ball 2-1: Foul Ball, location: 2F 2-2: Ball 3-2: Foul Ball, location: 2F 3-2: Ground out 6-3 (Groundball, 6, EV 80.6 MPH)
|
|
Batting: RHB Pablo Lopez
|
0-0: Fly out, F9 (Flyball, 89S, EV 85.0 MPH)
|
| Top of the 5th over - 0 runs, 0 hits, 0 errors, 0 left on base; Reading 3 - Mississippi 3 |
| BOTTOM OF THE 5TH |
|
Mississippi Braves batting - Pitching for Reading Fightin Phils : RHP Lida Sestak
|
|
Batting: RHB Justin Reich
|
0-0: Swinging Strike 0-1: Swinging Strike 0-2: Ball 1-2: Ball 2-2: Ball 3-2: Base on Balls
|
|
Batting: LHB Art D'Ascenzo
|
0-0: Called Strike 0-1: Ball 1-1: Ball 2-1: Ball 3-1: Base on Balls Justin Reich to second
|
|
Batting: RHB Jose Ramos
|
0-0: Called Strike 0-1: Foul Ball, location: 2F 0-2: Strikes out swinging
|
|
Pitching: RHP T.J. Gray
|
|
|
Batting: RHB Yojiro Hayashi
|
0-0: Foul Ball, location: 2F 0-1: Swinging Strike 0-2: SINGLE (Groundball, 15S, EV 71.9 MPH) (infield hit) Justin Reich to third Art D'Ascenzo to second
|
|
Batting: LHB Luis Cruz
|
0-0: Ball 1-0: Ball 2-0: Called Strike 2-1: Ball 3-1: Fly out, F6 (Line Drive, 6, EV 66.2 MPH)
|
|
Batting: LHB Cesar Arteaga
|
0-0: Ball 1-0: Foul Ball, location: 2F 1-1: Ball 2-1: Foul Ball, location: 2F 2-2: Foul Ball, location: 2F 2-2: Foul Ball, location: 2F 2-2: Strikes out looking
|
| Bottom of the 5th over - 0 runs, 1 hit, 0 errors, 3 left on base; Reading 3 - Mississippi 3 |
| TOP OF THE 6TH |
|
Reading Fightin Phils batting - Pitching for Mississippi Braves : RHP Ryan DeMille
|
|
Batting: LHB Danny Zuniga
|
0-0: Ball 1-0: SINGLE (Groundball, 4MD, EV 101.9 MPH)
|
|
Pitching: RHP Alfredo Leiva
|
|
|
Batting: LHB Doug Frampton
|
0-0: Swinging Strike 0-1: Called Strike 0-2: Ball 1-2: Foul Ball, location: 2F 1-2: Foul Ball, location: 2F 1-2: Foul Ball, location: 2F 1-2: Strikes out swinging
|
|
Batting: RHB Jose Corral
|
0-0: Fly out, F8 (Flyball, 8RD, EV 105.0 MPH)
|
|
Batting: RHB Prabhukumar Santhanakrishnan
|
0-0: Ball 1-0: Fly out, F9 (Flyball, 89XD, EV 94.4 MPH)
|
| Top of the 6th over - 0 runs, 1 hit, 0 errors, 1 left on base; Reading 3 - Mississippi 3 |
| BOTTOM OF THE 6TH |
|
Mississippi Braves batting - Pitching for Reading Fightin Phils : RHP T.J. Gray
|
|
Batting: SHB Jose Melendez
|
0-0: Foul Ball, location: 2F 0-1: Swinging Strike 0-2: Ball 1-2: Foul Ball, location: 2F 1-2: Ball 2-2: Foul Ball, location: 2F 2-2: Strikes out swinging
|
|
Batting: RHB Alex Velasquez
|
0-0: Called Strike 0-1: Called Strike 0-2: Ball 1-2: Ball 2-2: Foul Ball, location: 2F 2-2: Strikes out swinging
|
|
Batting: RHB Hieronim Rutkowski
|
0-0: Swinging Strike 0-1: Ball 1-1: Ball 2-1: SINGLE (Groundball, 4MD, EV 98.8 MPH)
|
|
Batting: RHB Justin Reich
|
0-0: Called Strike 0-1: Ball 1-1: Called Strike Hieronim Rutkowski steals 2nd, throwing error, E2 Hieronim Rutkowski to third 1-2: SINGLE (Flyball, 89S, EV 87.5 MPH) Hieronim Rutkowski scores
|
|
Batting: LHB Art D'Ascenzo
|
0-0: Ball Justin Reich steals 2nd base 1-0: Foul Ball, location: 2F 1-1: Ball 2-1: Ball 3-1: Foul Ball, location: 2F 3-2: Foul Ball, location: 2F 3-2: Ground out U3 (Groundball, 3, EV 90.0 MPH)
|
| Bottom of the 6th over - 1 run, 2 hits, 1 error, 1 left on base; Reading 3 - Mississippi 4 |
| TOP OF THE 7TH |
|
Reading Fightin Phils batting - Pitching for Mississippi Braves : RHP Alfredo Leiva
|
|
Now at 1B: Hieronim Rutkowski
|
|
|
Now at 3B: Adrian Billups
|
|
|
Batting: RHB Tony Perez
|
0-0: Foul Ball, location: 2F 0-1: Swinging Strike 0-2: Ground out 6-3 (Groundball, 6S, EV 65.0 MPH)
|
|
Batting: LHB Alex Fernandez
|
0-0: Ball 1-0: Swinging Strike 1-1: TRIPLE (Line Drive, 8LXD, EV 100.6 MPH)
|
|
Batting: RHB Alan Weller
|
0-0: Called Strike 0-1: Called Strike 0-2: Foul Ball, location: 2F 0-2: Ball 1-2: Ball Wild Pitch! Alex Fernandez scores 2-2: Foul Ball, location: 2F 2-2: Ball 3-2: Strikes out swinging
|
|
Batting: RHB Guan-pei Gao
|
0-0: Ball 1-0: Ball 2-0: Ball 3-0: Called Strike 3-1: Ground out 6-3 (Groundball, 56, EV 81.2 MPH)
|
| Top of the 7th over - 1 run, 1 hit, 0 errors, 0 left on base; Reading 4 - Mississippi 4 |
| BOTTOM OF THE 7TH |
|
Mississippi Braves batting - Pitching for Reading Fightin Phils : RHP T.J. Gray
|
|
Pitching: RHP Ron Knowles
|
|
|
Batting: RHB Jose Ramos
|
0-0: Ball 1-0: Ball 2-0: Fly out, F8 (Line Drive, 8LD, EV 101.9 MPH)
|
|
Batting: RHB Yojiro Hayashi
|
0-0: Called Strike 0-1: Ball 1-1: Ball 2-1: Ball 3-1: Base on Balls
|
|
Batting: LHB Luis Cruz
|
0-0: Ball Yojiro Hayashi steals 2nd base 1-0: Ball 2-0: Called Strike 2-1: Ball 3-1: Base on Balls
|
|
Pinch Hitting: RHB Tim Molchan
|
0-0: Called Strike Yojiro Hayashi steals 3rd base 0-1: Fly out, F9 (Flyball, 9S, EV 77.5 MPH)
|
|
Batting: SHB Jose Melendez
|
0-0: Ball 1-0: Fielders Choice at 2nd, 6-4 (Groundball, 6, EV 79.4 MPH)
|
| Bottom of the 7th over - 0 runs, 0 hits, 0 errors, 2 left on base; Reading 4 - Mississippi 4 |
| TOP OF THE 8TH |
|
Reading Fightin Phils batting - Pitching for Mississippi Braves : RHP Alfredo Leiva
|
|
Pitching: RHP Omar Orosco
|
|
|
Now at 1B: Jose Garate
|
|
|
Now at 3B: Hieronim Rutkowski
|
|
|
Batting: RHB Pablo Lopez
|
0-0: Fly out, F8 (Flyball, 8RD, EV 93.1 MPH)
|
|
Batting: LHB Danny Zuniga
|
0-0: Ball 1-0: Called Strike 1-1: Ball 2-1: Foul Ball, location: 2F 2-2: Strikes out swinging
|
|
Pitching: LHP Carlos Salcido
|
|
|
Batting: LHB Doug Frampton
|
0-0: Foul Ball, location: 2F 0-1: Ball 1-1: Foul Ball, location: 2F 1-2: Strikes out swinging
|
| Top of the 8th over - 0 runs, 0 hits, 0 errors, 0 left on base; Reading 4 - Mississippi 4 |
| BOTTOM OF THE 8TH |
|
Mississippi Braves batting - Pitching for Reading Fightin Phils : RHP Ron Knowles
|
|
Pitching: RHP Jeremy Mitchem
|
|
|
Pinch Hitting: LHB Sal Fernandez
|
0-0: Called Strike 0-1: Called Strike 0-2: Strikes out swinging
|
|
Batting: RHB Hieronim Rutkowski
|
0-0: Called Strike 0-1: Ball 1-1: Ball 2-1: Foul Ball, location: 2F 2-2: Strikes out looking
|
|
Batting: RHB Justin Reich
|
0-0: Ball 1-0: Fly out, F8 (Flyball, 8LD, EV 93.8 MPH)
|
| Bottom of the 8th over - 0 runs, 0 hits, 0 errors, 0 left on base; Reading 4 - Mississippi 4 |
| TOP OF THE 9TH |
|
Reading Fightin Phils batting - Pitching for Mississippi Braves : LHP Carlos Salcido
|
|
Now at SS: Ingidayehu Lagat
|
|
|
Batting: RHB Jose Corral
|
0-0: Ball 1-0: Swinging Strike 1-1: Ball 2-1: Swinging Strike 2-2: Foul Ball, location: 2F 2-2: Strikes out swinging
|
|
Batting: RHB Prabhukumar Santhanakrishnan
|
0-0: Called Strike 0-1: Foul Ball, location: 2F 0-2: Foul Ball, location: 2F 0-2: Foul Ball, location: 2F 0-2: Foul Ball, location: 2F 0-2: Ball 1-2: Ball 2-2: Strikes out swinging
|
|
Batting: RHB Tony Perez
|
0-0: Ball 1-0: Ball 2-0: Ball 3-0: Base on Balls
|
|
Batting: LHB Alex Fernandez
|
0-0: Swinging Strike 0-1: Ball 1-1: SINGLE (Line Drive, 6D, EV 96.2 MPH) Tony Perez to second
|
|
Batting: RHB Alan Weller
|
0-0: SINGLE (Line Drive, 78S, EV 103.8 MPH) Tony Perez to third Alex Fernandez to second Runner from 3rd tries for Home, SAFE, throw by LF to home
|
|
Batting: RHB Guan-pei Gao
|
0-0: SINGLE (Line Drive, 6D, EV 100.0 MPH) Alex Fernandez to third Alan Weller to second Runner from 3rd tries for Home, SAFE, throw by LF to home
|
|
Batting: RHB Pablo Lopez
|
0-0: Ball 1-0: Ball 2-0: Ball 3-0: Called Strike 3-1: Base on Balls Alan Weller to third Guan-pei Gao to second
|
|
Batting: LHB Danny Zuniga
|
0-0: Ball 1-0: SINGLE (Groundball, 3D, EV 107.5 MPH) Alan Weller scores Guan-pei Gao to third Pablo Lopez to second Runner from 3rd tries for Home, SAFE, throw by RF to home
|
|
Pitching: RHP Damian Molina
|
|
|
Batting: LHB Doug Frampton
|
0-0: Called Strike 0-1: Ball 1-1: Swinging Strike 1-2: Ball 2-2: Strikes out swinging
|
| Top of the 9th over - 4 runs, 4 hits, 0 errors, 2 left on base; Reading 8 - Mississippi 4 |
| BOTTOM OF THE 9TH |
|
Mississippi Braves batting - Pitching for Reading Fightin Phils : RHP Jeremy Mitchem
|
|
Batting: LHB Art D'Ascenzo
|
0-0: Called Strike 0-1: Ball 1-1: Swinging Strike 1-2: Ground out 1-3 (Groundball, 34S, EV 66.9 MPH)
|
|
Batting: RHB Jose Ramos
|
0-0: Fly out, F9 (Flyball, 89M, EV 89.4 MPH)
|
|
Batting: RHB Yojiro Hayashi
|
0-0: Ball 1-0: Ball 2-0: Ball 3-0: Called Strike 3-1: Base on Balls
|
|
Batting: LHB Luis Cruz
|
0-0: Foul Ball, location: 2F 0-1: Foul Ball, location: 2F 0-2: Strikes out swinging
|
| Bottom of the 9th over - 0 runs, 0 hits, 0 errors, 1 left on base; Reading 8 - Mississippi 4 |
|